MLB
BOSTON RED SOX @ TEXAS RANGERS
09/08/2049
 
TOP OF THE 1ST
Boston Red Sox batting - Pitching for Texas Rangers : RHP Kevin Ovens-Toots
Pitching: RHP Kevin Ovens-Toots
Batting: RHB Ray Llewellyn 0-0: Foul Ball, location: 2F
0-1: Ball
1-1: Called Strike
1-2: Foul Ball, location: 2F
1-2: Ground out U3 (Groundball, 34, EV 83.1 MPH)
Batting: LHB Kevin McCormic Jr. 0-0: Ball
1-0: Foul Ball, location: 2F
1-1: Foul Ball, location: 2F
1-2: Strikes out swinging
Batting: LHB Sakae Kasahara 0-0: Ball
1-0: Foul Ball, location: 2F
1-1: Foul Ball, location: 2F
1-2: Strikes out swinging, 2-3 out at first.
Top of the 1st over - 0 runs, 0 hits, 0 errors, 0 left on base; Boston 0 - Texas 0
BOTTOM OF THE 1ST
Texas Rangers batting - Pitching for Boston Red Sox : RHP Jeremy Hernandez
Pitching: RHP Jeremy Hernandez
Batting: LHB Sean Geisler 0-0: Foul Ball, location: 2F
0-1: Ball
1-1: TRIPLE (Flyball, 8LXD, EV 104.4 MPH)
Batting: RHB Marc Peckermark 0-0: Called Strike
0-1: Fly out, F6 (Popup, 6M, EV 73.1 MPH)
Batting: RHB Zhao-ji Chi 0-0: Swinging Strike
0-1: Foul Ball, location: 2F
0-2: Strikes out looking
Batting: SHB John Giesbrecht 0-0: Foul Ball, location: 2F
0-1: Ball
1-1: Foul Ball, location: 2F
1-2: Ball
2-2: Ground out 4-3 (Groundball, 4, EV 85.0 MPH)
Bottom of the 1st over - 0 runs, 1 hit, 0 errors, 1 left on base; Boston 0 - Texas 0
TOP OF THE 2ND
Boston Red Sox batting - Pitching for Texas Rangers : RHP Kevin Ovens-Toots
Batting: LHB Jarrett Mordecai 0-0: Ball
1-0: Foul Ball, location: 2F
1-1: Ball
2-1: Ball
3-1: Foul Ball, location: 2F
3-2: Foul Ball, location: 2F
3-2: Foul Ball, location: 2F
3-2: Strikes out swinging
Batting: RHB Elijah Campbell 0-0: Ball
1-0: DOUBLE (Line Drive, 7LS, EV 107.5 MPH)
Batting: RHB Nick Esteves 0-0: Ball
1-0: Foul Ball, location: 2F
1-1: Ball
2-1: Ball
3-1: Foul Ball, location: 2F
3-2: Foul Ball, location: 2F
3-2: Strikes out looking
Batting: RHB Jose Diaz 0-0: Fly out, F8 (Flyball, 8LD, EV 108.8 MPH)
Top of the 2nd over - 0 runs, 1 hit, 0 errors, 1 left on base; Boston 0 - Texas 0
BOTTOM OF THE 2ND
Texas Rangers batting - Pitching for Boston Red Sox : RHP Jeremy Hernandez
Batting: RHB Blake Ballard 0-0: Ground out 6-3 (Groundball, 6, EV 103.8 MPH)
Batting: RHB Imbart Faber 0-0: Ball
1-0: Foul Ball, location: 2F
1-1: Foul Ball, location: 2F
1-2: Ball
2-2: SINGLE (Line Drive, 34D, EV 98.1 MPH)
Batting: SHB Tony Prado 0-0: Foul Ball, location: 2F
0-1: Ball
1-1: Ball
2-1: Swinging Strike
2-2: Foul Ball, location: 2F
2-2: Grounds into double play, U6-3 (Groundball, 4MD, EV 108.1 MPH)
Bottom of the 2nd over - 0 runs, 1 hit, 0 errors, 0 left on base; Boston 0 - Texas 0
TOP OF THE 3RD
Boston Red Sox batting - Pitching for Texas Rangers : RHP Kevin Ovens-Toots
Batting: SHB Willie Koviak 0-0: Swinging Strike
0-1: Ball
1-1: Swinging Strike
1-2: Foul Ball, location: 2F
1-2: Fly out, F5 (Popup, 5SF, EV 88.1 MPH)
Batting: RHB John Chiesa 0-0: Called Strike
0-1: Ball
1-1: Ground out 4-3 (Groundball, 4, EV 85.6 MPH)
Batting: RHB Ray Llewellyn 0-0: Ball
1-0: DOUBLE (Flyball, 89D, EV 113.1 MPH)
Batting: LHB Kevin McCormic Jr. 0-0: Foul Ball, location: 2F
0-1: Ball
1-1: Ball
2-1: Foul Ball, location: 2F
2-2: Strikes out swinging
Top of the 3rd over - 0 runs, 1 hit, 0 errors, 1 left on base; Boston 0 - Texas 0
BOTTOM OF THE 3RD
Texas Rangers batting - Pitching for Boston Red Sox : RHP Jeremy Hernandez
Batting: SHB Alvare Bairro 0-0: Ground out 6-3 (Groundball, 6, EV 93.8 MPH)
Batting: SHB Vince Ealy 0-0: Fly out, F7 (Line Drive, 7LS, EV 90.0 MPH)
Batting: LHB Sean Geisler 0-0: Ball
1-0: SINGLE (Groundball, 5L, EV 97.5 MPH)
Batting: RHB Marc Peckermark 0-0: Ball
1-0: Called Strike
1-1: Ball
2-1: Ball
3-1: Base on Balls
Sean Geisler to second
Batting: RHB Zhao-ji Chi 0-0: Ball
1-0: Fielders Choice at 2nd, 6-4 (Groundball, 6, EV 77.5 MPH)
Bottom of the 3rd over - 0 runs, 1 hit, 0 errors, 2 left on base; Boston 0 - Texas 0
TOP OF THE 4TH
Boston Red Sox batting - Pitching for Texas Rangers : RHP Kevin Ovens-Toots
Batting: LHB Sakae Kasahara 0-0: Ball
1-0: Ball
2-0: Called Strike
2-1: Foul Ball, location: 2F
2-2: Strikes out swinging
Batting: LHB Jarrett Mordecai 0-0: Ball
1-0: Ball
2-0: Called Strike
2-1: Fly out, F8 (Flyball, 8RD, EV 98.1 MPH)
Batting: RHB Elijah Campbell 0-0: Ball
1-0: Ball
2-0: Ball
3-0: Base on Balls
Batting: RHB Nick Esteves 0-0: Called Strike
0-1: Ball
Elijah Campbell steals 2nd base
1-1: Ball
2-1: 2-RUN HOME RUN (Flyball, 9D, EV 95.6 MPH), Distance : 377 ft
Batting: RHB Jose Diaz 0-0: Ball
1-0: Ball
2-0: Called Strike
2-1: Ball
3-1: Base on Balls
Batting: SHB Willie Koviak 0-0: Foul Ball, location: 2F
0-1: Ground out 1-3 (Groundball, 13S, EV 67.5 MPH)
Top of the 4th over - 2 runs, 1 hit, 0 errors, 1 left on base; Boston 2 - Texas 0
BOTTOM OF THE 4TH
Texas Rangers batting - Pitching for Boston Red Sox : RHP Jeremy Hernandez
Batting: SHB John Giesbrecht 0-0: Ball
1-0: Ball
2-0: Called Strike
2-1: Ball
3-1: Swinging Strike
3-2: Fly out, F9 (Flyball, 89S, EV 83.1 MPH)
Batting: RHB Blake Ballard 0-0: Ball
1-0: Swinging Strike
1-1: Called Strike
1-2: Ball
2-2: Ground out 1-3 (Groundball, 25, EV 66.9 MPH)
Batting: RHB Imbart Faber 0-0: Ball
1-0: Called Strike
1-1: Ball
2-1: SINGLE (Groundball, 4, EV 96.9 MPH)
Batting: SHB Tony Prado 0-0: Called Strike
0-1: Ground out U3 (Groundball, 3L, EV 106.2 MPH)
Bottom of the 4th over - 0 runs, 1 hit, 0 errors, 1 left on base; Boston 2 - Texas 0
TOP OF THE 5TH
Boston Red Sox batting - Pitching for Texas Rangers : RHP Kevin Ovens-Toots
Batting: RHB John Chiesa 0-0: Called Strike
0-1: Ball
1-1: Foul Ball, location: 2F
1-2: Ground out 3-1 (Groundball, 34, EV 83.1 MPH)
Batting: RHB Ray Llewellyn 0-0: Ball
1-0: Called Strike
1-1: Ball
2-1: Foul Ball, location: 2F
2-2: Ball
3-2: SINGLE (Groundball, 34S, EV 73.1 MPH) (infield hit)
Batting: LHB Kevin McCormic Jr. 0-0: Ball
1-0: Swinging Strike
1-1: Ball
2-1: Foul Ball, location: 2F
2-2: Strikes out swinging
Batting: LHB Sakae Kasahara 0-0: Ball
1-0: Ball
2-0: Called Strike
2-1: Foul Ball, location: 2F
2-2: Ball
3-2: Foul Ball, location: 2F
3-2: Base on Balls
Ray Llewellyn to second
Batting: LHB Jarrett Mordecai 0-0: Swinging Strike
0-1: Swinging Strike
0-2: Ball
1-2: Strikes out swinging
Top of the 5th over - 0 runs, 1 hit, 0 errors, 2 left on base; Boston 2 - Texas 0
BOTTOM OF THE 5TH
Texas Rangers batting - Pitching for Boston Red Sox : RHP Jeremy Hernandez
Batting: SHB Alvare Bairro 0-0: Ball
1-0: Ball
2-0: Ground out 5-3 (Groundball, 56, EV 88.1 MPH)
Batting: SHB Vince Ealy 0-0: Called Strike
0-1: Foul Ball, location: 2F
0-2: Ball
1-2: Ball
2-2: Foul Ball, location: 2F
2-2: DOUBLE (Groundball, 3L, EV 105.0 MPH)
Batting: LHB Sean Geisler 0-0: Ball
1-0: Ball
2-0: DOUBLE (Groundball, 3L, EV 100.6 MPH)
Vince Ealy scores
Batting: RHB Marc Peckermark 0-0: Ground out 6-3 (Groundball, 6, EV 86.9 MPH)
Sean Geisler to third
Batting: RHB Zhao-ji Chi 0-0: Called Strike
0-1: Ball
1-1: Fly out, F9 (Flyball, 9D, EV 85.6 MPH)
Bottom of the 5th over - 1 run, 2 hits, 0 errors, 1 left on base; Boston 2 - Texas 1
TOP OF THE 6TH
Boston Red Sox batting - Pitching for Texas Rangers : RHP Kevin Ovens-Toots
Batting: RHB Elijah Campbell 0-0: SINGLE (Groundball, 34D, EV 104.4 MPH)
Batting: RHB Nick Esteves 0-0: Ball
1-0: Called Strike
1-1: Ball
2-1: Grounds into double play, 4-6-3 (Groundball, 4, EV 96.2 MPH)
Batting: RHB Jose Diaz 0-0: Foul Ball, location: 2F
0-1: Ball
1-1: SINGLE (Groundball, 6M, EV 95.6 MPH)
Pitching: LHP Dylan Batstone
Batting: SHB Willie Koviak 0-0: Ball
1-0: Called Strike
1-1: Called Strike
Jose Diaz is caught stealing 2nd base 2-4
Top of the 6th over - 0 runs, 2 hits, 0 errors, 0 left on base; Boston 2 - Texas 1
BOTTOM OF THE 6TH
Texas Rangers batting - Pitching for Boston Red Sox : RHP Jeremy Hernandez
Batting: SHB John Giesbrecht 0-0: Ball
1-0: Ball
2-0: Swinging Strike
2-1: Foul Ball, location: 2F
2-2: Ball
3-2: Foul Ball, location: 2F
3-2: Ground out 6-3 (Groundball, 4M, EV 106.9 MPH)
Batting: RHB Blake Ballard 0-0: Swinging Strike
0-1: Ball
1-1: Foul Ball, location: 2F
1-2: Strikes out swinging
Batting: RHB Imbart Faber 0-0: DOUBLE (Line Drive, 89XD, EV 104.4 MPH)
Batting: SHB Tony Prado 0-0: Swinging Strike
0-1: Swinging Strike
0-2: Ball
1-2: Strikes out swinging
Bottom of the 6th over - 0 runs, 1 hit, 0 errors, 1 left on base; Boston 2 - Texas 1
TOP OF THE 7TH
Boston Red Sox batting - Pitching for Texas Rangers : LHP Dylan Batstone
Batting: SHB Willie Koviak 0-0: Ball
1-0: SINGLE (Groundball, 56D, EV 94.4 MPH)
Batting: RHB John Chiesa 0-0: Called Strike
0-1: Ball
1-1: Ball
2-1: Sac Bunt to 23 - play at first, batter OUT! 3-4
Willie Koviak to second
Batting: RHB Ray Llewellyn 0-0: Ball
1-0: Ground out U3 (Groundball, 34S, EV 87.5 MPH)
Willie Koviak to third
Batting: LHB Kevin McCormic Jr. 0-0: Foul Ball, location: 2F
0-1: Ball
1-1: Ground out 1-3 (Groundball, 13, EV 76.9 MPH)
Top of the 7th over - 0 runs, 1 hit, 0 errors, 1 left on base; Boston 2 - Texas 1
BOTTOM OF THE 7TH
Texas Rangers batting - Pitching for Boston Red Sox : RHP Jeremy Hernandez
Batting: SHB Alvare Bairro 0-0: Ball
1-0: Ball
2-0: Ball
3-0: Base on Balls
Batting: SHB Vince Ealy 0-0: Bunted foul
0-1: Sac Bunt to 25 - play at first, batter OUT! 5-3
Alvare Bairro to second
Batting: LHB Sean Geisler 0-0: Called Strike
0-1: Ball
1-1: Swinging Strike
1-2: DOUBLE (Line Drive, 78M, EV 93.1 MPH)
Alvare Bairro scores
Batting: RHB Marc Peckermark 0-0: Ball
1-0: Called Strike
1-1: Ground out 6-3 (Groundball, 56, EV 88.8 MPH)
Pitching: RHP Jon Mercado
Pinch Hitting: SHB Rich Chavez 0-0: Foul Ball, location: 2F
0-1: Swinging Strike
0-2: Ball
1-2: Ball
2-2: Ball
3-2: Strikes out swinging
Bottom of the 7th over - 1 run, 1 hit, 0 errors, 1 left on base; Boston 2 - Texas 2
TOP OF THE 8TH
Boston Red Sox batting - Pitching for Texas Rangers : LHP Dylan Batstone
Pitching: RHP Mark Lopez
Now in LF: Hans Mikkelsen
Batting: LHB Sakae Kasahara 0-0: Fly out, F8 (Flyball, 8RD, EV 103.1 MPH)
Batting: LHB Jarrett Mordecai 0-0: Called Strike
0-1: Foul Ball, location: 2F
0-2: Ball
1-2: Strikes out swinging
Batting: RHB Elijah Campbell 0-0: Ball
1-0: Ball
2-0: Ball
3-0: Base on Balls
Batting: RHB Nick Esteves 0-0: Fly out, F9 (Flyball, 89M, EV 85.0 MPH)
Top of the 8th over - 0 runs, 0 hits, 0 errors, 1 left on base; Boston 2 - Texas 2
BOTTOM OF THE 8TH
Texas Rangers batting - Pitching for Boston Red Sox : RHP Jon Mercado
Batting: SHB John Giesbrecht 0-0: Swinging Strike
0-1: Ball
1-1: Foul Ball, location: 2F
1-2: Strikes out swinging
Batting: RHB Blake Ballard 0-0: Called Strike
0-1: Ball
1-1: Foul Ball, location: 2F
1-2: Foul Ball, location: 2F
1-2: Strikes out swinging
Batting: RHB Imbart Faber 0-0: Called Strike
0-1: Foul Ball, location: 2F
0-2: Ball
1-2: Ball
2-2: Ball
3-2: SINGLE (Groundball, 13S, EV 65.0 MPH) (infield hit)
Batting: SHB Tony Prado 0-0: Ball
1-0: Ball
2-0: Ball
3-0: Base on Balls
Imbart Faber to second
Batting: SHB Alvare Bairro 0-0: Ball
1-0: Called Strike
1-1: Swinging Strike
1-2: Strikes out swinging
Bottom of the 8th over - 0 runs, 1 hit, 0 errors, 2 left on base; Boston 2 - Texas 2
TOP OF THE 9TH
Boston Red Sox batting - Pitching for Texas Rangers : RHP Mark Lopez
Batting: RHB Jose Diaz 0-0: DOUBLE (Flyball, 89D, EV 93.8 MPH)
Batting: SHB Willie Koviak 0-0: Ball
1-0: Called Strike
1-1: Ball
2-1: Foul Ball, location: 2F
2-2: SINGLE (Line Drive, 56, EV 96.9 MPH)
Jose Diaz to third
Pinch Hitting: SHB Greg Shaw 0-0: Ball
1-0: Ball
2-0: Called Strike
2-1: Fielders Choice at 2nd, 2-6 (Groundball, 15S, EV 70.6 MPH)
Batting: RHB Ray Llewellyn 0-0: Ball
1-0: Called Strike
1-1: Called Strike
1-2: Strikes out swinging
Batting: LHB Kevin McCormic Jr. 0-0: Ball
1-0: Foul Ball, location: 2F
1-1: Called Strike
Greg Shaw steals 2nd base (no throw)
1-2: Ground out U3 (Groundball, 3, EV 80.6 MPH)
Top of the 9th over - 0 runs, 2 hits, 0 errors, 2 left on base; Boston 2 - Texas 2
BOTTOM OF THE 9TH
Texas Rangers batting - Pitching for Boston Red Sox : RHP Jon Mercado
Pitching: LHP Danny Schneible
Now in RF: David Price Jr.
Batting: SHB Vince Ealy 0-0: Ball
1-0: Ball
2-0: Called Strike
2-1: Foul Ball, location: 2F
2-2: Reached on error, E1 (Groundball, 13S, EV 62.5 MPH)
Batting: LHB Sean Geisler 0-0: Called Strike
0-1: Sac Bunt to 2R - play at first, batter OUT! 2-3
Vince Ealy to third
Batting: RHB Marc Peckermark 0-0: Called Strike
0-1: Fly out, F6 (Popup, 6, EV 66.2 MPH)
Batting: SHB Hans Mikkelsen 0-0: Ground out 1-3 (Groundball, 13, EV 69.4 MPH)
Bottom of the 9th over - 0 runs, 0 hits, 1 error, 1 left on base; Boston 2 - Texas 2
TOP OF THE 10TH
Boston Red Sox batting - Pitching for Texas Rangers : RHP Mark Lopez
Pitching: RHP Kyle Curve
Batting: LHB Sakae Kasahara 0-0: Ball
1-0: Ball
2-0: Fly out, F7 (Flyball, 78M, EV 91.9 MPH)
Batting: LHB Jarrett Mordecai 0-0: Ball
1-0: Ball
2-0: Ball
3-0: Called Strike
3-1: Called Strike
3-2: Foul Ball, location: 2F
3-2: Strikes out swinging
Batting: RHB Elijah Campbell 0-0: Ball
1-0: Fly out, F8 (Flyball, 8RD, EV 81.9 MPH)
Top of the 10th over - 0 runs, 0 hits, 0 errors, 0 left on base; Boston 2 - Texas 2
BOTTOM OF THE 10TH
Texas Rangers batting - Pitching for Boston Red Sox : LHP Danny Schneible
Pitching: RHP Guadalupe Vasguez
Batting: SHB John Giesbrecht 0-0: Ball
1-0: SINGLE (Flyball, 89S, EV 85.6 MPH)
Batting: RHB Blake Ballard 0-0: Foul Ball, location: 2F
0-1: Ball
1-1: Ball
2-1: Swinging Strike
2-2: Strikes out swinging
Batting: RHB Imbart Faber 0-0: Ball
1-0: Ball
2-0: Ball
3-0: Called Strike
3-1: Base on Balls
John Giesbrecht to second
Batting: SHB Tony Prado 0-0: Called Strike
0-1: Swinging Strike
0-2: Ball
1-2: Ball
2-2: Foul Ball, location: 2F
2-2: Ball
3-2: Fielders Choice at 2nd, 6-4 (Groundball, 6, EV 105.0 MPH)
John Giesbrecht to third
Batting: SHB Alvare Bairro 0-0: Called Strike
0-1: Ball
1-1: Fielders Choice at 2nd, 5-4 (Groundball, 56, EV 78.1 MPH)
Bottom of the 10th over - 0 runs, 1 hit, 0 errors, 2 left on base; Boston 2 - Texas 2
TOP OF THE 11TH
Boston Red Sox batting - Pitching for Texas Rangers : RHP Kyle Curve
Batting: RHB Nick Esteves 0-0: Ball
1-0: Called Strike
1-1: DOUBLE (Line Drive, 78M, EV 93.8 MPH)
Batting: RHB Jose Diaz 0-0: Ball
1-0: Called Strike
1-1: Ground out 6-3 (Groundball, 6D, EV 102.5 MPH)
Batting: SHB Willie Koviak 0-0: Called Strike
0-1: Ball
1-1: Ball
2-1: Foul Ball, location: 2F
2-2: Ball
3-2: Fly out, F9 (Flyball, 89S, EV 90.6 MPH)
Batting: RHB David Price Jr. 0-0: Intentional Walk
Batting: RHB Ray Llewellyn 0-0: Foul Ball, location: 2F
0-1: Ball
1-1: Ball
2-1: Ball
3-1: Base on Balls
Nick Esteves to third
David Price Jr. to second
Batting: LHB Kevin McCormic Jr. 0-0: Called Strike
0-1: Ball
1-1: Called Strike
1-2: Fly out, F5 (Popup, 5D, EV 69.4 MPH)
Top of the 11th over - 0 runs, 1 hit, 0 errors, 3 left on base; Boston 2 - Texas 2
BOTTOM OF THE 11TH
Texas Rangers batting - Pitching for Boston Red Sox : RHP Guadalupe Vasguez
Pitching: RHP Jim Whiteman
Batting: SHB Vince Ealy 0-0: Called Strike
0-1: Fly out, F8 (Line Drive, 8LS, EV 94.4 MPH)
Batting: LHB Sean Geisler 0-0: Ball
1-0: Called Strike
1-1: Ball
2-1: Ball
3-1: Called Strike
3-2: Base on Balls
Batting: RHB Marc Peckermark 0-0: Foul Ball, location: 2F
0-1: Ball
Sean Geisler steals 2nd base
1-1: Ball
2-1: Ball
3-1: Ground out U3 (Groundball, 34S, EV 90.0 MPH)
Sean Geisler to third
Batting: SHB Hans Mikkelsen 0-0: Ball
1-0: SINGLE (Line Drive, 9LS, EV 100.6 MPH)
Sean Geisler scores
Bottom of the 11th over - 1 run, 1 hit, 0 errors, 1 left on base; Boston 2 - Texas 3
Sunday, July 16th , 2023 - OOTP Baseball 24.6 Build 69